 Dungeon Crawl Stone Soup version 0.25-a0-834-g55863b0b92 (webtiles) character file.

Game seed: 9228573112318631974, levelgen mode: deterministic

2648 Rikkoh the Geomancer (level 9, -1/52 HPs)
             Began as a Gargoyle Earth Elementalist on Apr 23, 2020.
             Was an Initiate of Vehumet.
             Killed from afar by Maggie (20 damage)
             ... with a bolt of fire
             ... on level 7 of the Dungeon.
             The game lasted 00:14:04 (6875 turns).

Rikkoh the Geomancer (Gargoyle Earth Elementalist)  Turns: 6875, Time: 00:14:05

Health: -1/52      AC: 13    Str: 13    XL:     9   Next: 62%
Magic:  0/17       EV: 14    Int: 18    God:    Vehumet [......]
Gold:   833        SH:  0    Dex: 19    Spells: 10/19 levels left

rFire    . . .     SeeInvis .   v - +2 flail (vorpal)
rCold    + + .     Gourm    +   (no shield)
rNeg     + . .     Faith    .   p - +2 robe {rC+}
rPois    ∞         Spirit   .   t - +0 helmet
rElec    +         Reflect  .   x - +0 cloak of Resushaw {rPois rC+ Dex+9} (curse)
rCorr    +         Harm     .   (no gloves)
MR       .....                  (no boots)
Stlth    ++........             k - amulet of the gourmand
HPRegen  0.17/turn              e - ring of resist corrosion
MPRegen  0.15/turn              (no ring)

@: mesmerised
A: negative energy resistance 1, electricity resistance, unbreathing,
petrification resistance, rot immunity, AC +6
a: Renounce Religion


You were on level 7 of the Dungeon.
You worshipped Vehumet.
Vehumet was noncommittal.
You were full.

You visited 2 branches of the dungeon, and saw 8 of its levels.

You collected 833 gold pieces.

Inventory:

Hand Weapons
 g - a +1 whip of draining
 s - a +0 flail
 v - a +2 vorpal flail (weapon)
Missiles
 b - 134 stones (quivered)
Armour
 m - a scarf of resistance
 p - a +2 robe of cold resistance (worn)
 t - a +0 helmet (worn)
 x - the cursed +0 cloak of Resushaw (worn) {rPois rC+ Dex+9}
   (You found it on level 7 of the Dungeon)

   It affects your dexterity (+9).
   It protects you from cold.
   It protects you from poison.
   It has a curse placed upon it.
Jewellery
 e - a ring of resist corrosion (left hand)
 k - an amulet of the gourmand (around neck)
Scrolls
 c - a scroll of remove curse
 f - 4 scrolls of teleportation
 i - a scroll of fog
 u - a scroll of immolation
Potions
 a - a potion of resistance
 h - 3 potions of berserk rage
 j - a potion of lignification {unknown}
 l - a potion of stabbing
 n - 2 potions of haste
 o - 2 potions of heal wounds
 q - a potion of curing
 r - a potion of flight
Comestibles
 d - 14 rations


   Skills:
 + Level 3.8 Fighting
 + Level 3.4 Maces & Flails
 + Level 3.7 Armour
 + Level 3.3 Dodging
 - Level 2.1 Stealth
 + Level 5.9 Spellcasting
 + Level 6.1 Conjurations
   Level 0.7 Transmutations
 + Level 8.2 Earth Magic


You had 10 spell levels left.
You knew the following spells:

 Your Spells              Type           Power        Failure   Level  Hunger
a - Sandblast             Erth           #####.       1%          1    None
b - Stone Arrow           Conj/Erth      ####..       1%          3    ##.....
c - Lee's Rapid Deconstr  Erth           #####.....   11%         5    #####..

Your spell library contained the following spells:

 Spells                   Type           Power        Failure   Level  Hunger
 Passwall                 Tmut/Erth      ###.....     3%          2    None
 Petrify                  Tmut/Erth      ###.....     19%         4    ####...


Dungeon Overview and Level Annotations

Branches:
Dungeon (7/15)             Temple (1/1) D:5

Altars:
Ashenzari
Cheibriados
Dithmenos
Elyvilon
Fedhas
Gozag
Hepliaklqana
Kikubaaqudgha
Makhleb
Okawaru
Qazlal
Ru
Sif Muna
Trog
Uskayaw
Vehumet
Wu Jian
Xom
Yredelemnul
Zin
The Shining One

Annotations:
D:7 Maggie


Innate Abilities, Weirdness & Mutations

You are resistant to torment.
Your stone body is resilient. (AC +6)
You are immune to poison.
You resist negative energy. (rN+)
You are resistant to electric shocks. (rElec)
You can survive without breathing.
You are immune to petrification.
You are immune to rotting.


Message History

Maggie is severely wounded.
b - 134 stones Maggie casts a spell.
Maggie attempts to bespell you!
You are mesmerised by Maggie!
You have no ailments to cure.
You thump Maggie!
Maggie is severely wounded.
Maggie points at you and mumbles some strange words.
The bolt of fire hits you!!
Ouch! That really hurt!
You are too injured to fight recklessly!
You are too injured to fight recklessly!
You are too injured to fight recklessly!
You are too injured to fight recklessly!
You hit Maggie but do no damage.
Maggie is severely wounded.
Maggie casts a spell at you. The bolt of fire hits you!!
You die...

≈P≈≈≈≈≈≈≈≈≈≈P≈†≈♣≈≈
@P≈≈≈≈≈≈≈≈≈≈)♣≈P≈♣
♣≈≈♣≈≈≈≈≈≈≈≈≈≈≈♣♣♣ .♣♣♣
≈≈≈≈≈≈≈≈≈♣♣♣P÷♣..
....♣♣♣♣≈≈≈♣♣♣P≈♣ ♣♣♣.).
......≈≈♣♣♣≈≈♣♣ #...[
#.[...#.###.# #.#..
#...@##.# #.# #.##.
#...@##.# #.# #.##.
#....'..# #.# #.###
##....#### #.# #.# #
#........# #.# #.# #
######........# #÷# ..###
#.............# #)# )....
#.............###)########.
#.......######.............
#.......##.........#######.


You could see Maggie.

Vanquished Creatures
  The ghost of paps the Covert, a novice OpFi (D:5)
  Prince Ribbit (D:7)
  A hungry ghost (D:7)
  An ice beast (D:7)
  A black bear (D:6)
  2 phantoms
  3 centaurs
  2 ogres (D:5)
  A crocodile (D:6)
  3 bullfrogs (D:6)
  A scorpion (D:4)
  2 electric eels (D:7)
  3 crimson imps
  4 jellies
  An orc priest (D:5)
  2 bullfrog skeletons
  2 orc wizards (D:5)
  An iguana (D:4)
  A howler monkey zombie (D:6)
  4 gnolls (D:7)
  2 howler monkey skeletons (D:5)
  9 adders
  3 shadow imps (D:5)
  An adder zombie (D:6)
  An ooze (D:3)
  2 adder skeletons
  A worm (D:2)
  2 dart slugs
  2 leopard geckos (D:4)
  12 orcs
  7 bats
  5 giant cockroaches
  9 goblins
  3 hobgoblins
  6 jackals
  4 kobolds
  7 quokkas
  A ball python (D:5)
  6 frilled lizards
  A giant cockroach zombie (D:6)
  A jackal skeleton (D:6)
  A leopard gecko zombie (D:7)
  10 rats
133 creatures vanquished.

Vanquished Creatures (others)
  An orc (D:7)
  A plant (D:7)
2 creatures vanquished.

Grand Total: 135 creatures vanquished

Notes
Turn   | Place    | Note
-------+----------+-------------------------------------------
     0 | D:1      | Rikkoh the Gargoyle Earth Elementalist began the quest for
                  | the Orb.
     0 | D:1      | Reached XP level 1. HP: 10/10 MP: 3/3
   167 | D:1      | Reached skill level 4 in Earth Magic
   167 | D:1      | Reached XP level 2. HP: 10/15 MP: 1/5
   980 | D:2      | Reached XP level 3. HP: 18/19 MP: 4/7
   985 | D:2      | Learned a level 3 spell: Stone Arrow
  1501 | D:2      | Reached skill level 1 in Conjurations
  1504 | D:2      | Reached XP level 4. HP: 24/24 MP: 0/8
  1750 | D:2      | Found an opulent altar of Gozag.
  1963 | D:2      | Found a blossoming altar of Fedhas.
  2156 | D:3      | Reached skill level 5 in Earth Magic
  2199 | D:3      | Reached XP level 5. HP: 28/28 MP: 9/9
  2206 | D:3      | Learned a level 5 spell: Lee's Rapid Deconstruction
  2535 | D:3      | Found a shimmering blue altar of Sif Muna.
  2536 | D:3      | Found a basalt altar of Yredelemnul.
  2537 | D:3      | Found an ancient bone altar of Kikubaaqudgha.
  2537 | D:3      | Found a snail-covered altar of Cheibriados.
  3767 | D:4      | Found a bloodstained altar of Trog.
  4022 | D:4      | Reached XP level 6. HP: 11/32 MP: 2/11
  4295 | D:5      | Entered Level 5 of the Dungeon
  4304 | D:5      | Reached skill level 6 in Earth Magic
  4521 | D:5      | Reached XP level 7. HP: 18/36 MP: 0/13
  4829 | D:5      | Found a runed translucent gate.
  4829 | D:5      | Found a runed translucent gate.
  4855 | D:5      | Found a runed translucent gate.
  5195 | D:5      | Found a shattered altar of Ashenzari.
  5243 | D:5      | Found a staircase to the Ecumenical Temple.
  5248 | D:5      | Reached skill level 1 in Fighting
  5248 | D:5      | Reached skill level 7 in Earth Magic
  5248 | D:5      | Reached XP level 8. HP: 43/43 MP: 10/15
  5261 | Temple   | Entered the Ecumenical Temple
  5293 | Temple   | Became a worshipper of Vehumet
  5401 | D:5      | Reached skill level 1 in Armour
  5430 | D:5      | Found a glowing silver altar of Zin.
  5574 | D:5      | Noticed paps's ghost (novice OpFi)
  5587 | D:5      | Killed paps's ghost
  5587 | D:5      | Reached skill level 5 in Spellcasting
  5587 | D:5      | Reached skill level 5 in Conjurations
  5877 | D:6      | Reached XP level 9. HP: 49/49 MP: 15/17
  6106 | D:6      | Found a white marble altar of Elyvilon.
  6464 | D:7      | Reached skill level 8 in Earth Magic
  6465 | D:7      | Identified a scroll of acquirement
  6465 | D:7      | Identified the ring of Abstinence {rElec Str+3} (You
                  | acquired it on level 7 of the Dungeon)
  6465 | D:7      | Identified the +0 longbow "Sitzuiz" {flame, +Fly MR+} (You
                  | acquired it on level 7 of the Dungeon)
  6568 | D:7      | Noticed Prince Ribbit
  6573 | D:7      | Killed Prince Ribbit
  6825 | D:7      | Got a dazzling cloak
  6836 | D:7      | Identified the cursed +0 cloak of Resushaw {rPois rC+
                  | Dex+9} (You found it on level 7 of the Dungeon)
  6862 | D:7      | Noticed Maggie
  6875 | D:7      | Killed from afar by Maggie

Levels and vault maps discovered:
D:1:      ncdulo_wetmaze, layout_loops_ring, minmay_tree_intersection
D:2:      minmay_spotlight, layout_basic, marbit_many_paths, first_ration,
          fedhas_altar_fruit_tree
D:3:      layout_loops_ring, chequers_temple_overflow_statue_of_worship
D:4:      minmay_opposing_rooms, layout_loops_corners,
          nicolae_overflow_crystal_walls
D:5:      layout_loops_cross, zin_treasury, cheibrodos_ashenzari_chains,
          minmay_temple_entry_tees, ebering_ghost_rock_garden
D:6:      layout_loops_ring, elyvilon_altar_5
D:7:      layout_basic, serial_bayou_lake_a, uniq_duvessa, uniq_prince_ribbit1,
          uniq_maggie
Temple:   minmay_temple_bridge_abc

Skill      XL: |  1  2  3  4  5  6  7  8  9 |
---------------+----------------------------+-----
Earth Magic    | 4 5 6 7 8 |  8.2
Conjurations   | 1 2 3 4 5 6 |  6.1
Spellcasting   | 3 4 5 |  5.9
Fighting       | 1 2 3 |  3.8
Armour         | 2 3 |  3.7
Maces & Flails | 2 3 |  3.4
Dodging        | 2 3 |  3.3
Stealth        | |  2.1
Transmutations | |  0.7

Action                   |  1- 3 |  4- 6 |  7- 9 || total
-------------------------+-------+-------+-------++-------
Melee: Dagger            |    21 |       |       ||    21
       Whip              |    45 |   148 |   105 ||   298
       Flail             |       |       |    23 ||    23
 Cast: Sandblast         |    17 |    31 |    63 ||   111
       Stone Arrow       |       |     2 |     4 ||     6
       Lee's Rapid Decon |       |       |     4 ||     4
  Use: Scroll            |       |     8 |     7 ||    15
       Potion            |       |     2 |     1 ||     3
 Stab: Sleeping          |     4 |     8 |     1 ||    13
  Eat: Chunk             |     4 |    18 |    12 ||    34
Armor: Robe              |    20 |    67 |    60 ||   147
Dodge: Dodged            |    55 |   115 |    77 ||   247

Table legend:
 A = Non-vault XP
 B = Vault XP
 C = Vault XP percentage of total XP
 D = Non-vault monster count
 E = Vault monster count
 F = Vault count percentage of total count
                 A         B        C        D         E       F
            +---------+---------+-------+---------+---------+-------
      Total |    2647 |    1136 |  30.0 |     121 |      12 |   9.0
            +---------+---------+-------+---------+---------+-------
        D:1 |      33 |       0 |   0.0 |      19 |       0 |   0.0
        D:2 |      82 |      16 |  16.3 |      25 |       3 |  10.7
        D:3 |      65 |       0 |   0.0 |      20 |       0 |   0.0
        D:4 |      14 |     139 |  90.8 |       1 |       7 |  87.5
        D:5 |     913 |     707 |  43.6 |      22 |       1 |   4.3
        D:6 |     884 |       0 |   0.0 |      18 |       0 |   0.0
        D:7 |     656 |     274 |  29.5 |      16 |       1 |   5.9
            +---------+---------+-------+---------+---------+-------
